 Dungeon Crawl Stone Soup version bcrawl-1.12-10-g10a67aac0f (webtiles) character file.

Game seed: 18185005587258088639

3250 MisterOstroum the Protected (level 10, -1/83 HPs)
             Began as a Formicid Archaeologist on June 16, 2019.
             Slain by a polar bear (6 damage)
             ... created by the rage of Trog
             ... on level 5 of the Dungeon.
             The game lasted 00:22:59 (5444 turns).

MisterOstroum the Protected (FoAc)                  Turns: 5444, Time: 00:22:59

Health: -1/83      AC: 23    Str: 19    XL:     10   Next: 19%
Magic:  10/10      EV: 11    Int: 18    God:
Gold:   76         SH:  0    Dex:  9    Spells: 9/9 levels left

rFire    + . .     SeeInvis +   a - +1 whip (elec)
rCold    + . .     Gourm    .   (no shield)
rNeg     . . .     Faith    .   f - +7 Kryia's mail coat {PotionHeal*2 rC+ RMsl}
rPois    .         Spirit   .   (helmet unavailable)
rElec    +         Reflect  .   w - +1 cloak {+Inv}
rCorr    .         Harm     .   l - +1 pair of gloves "Zadyat" {rElec Int+4}
MR       +....                  s - +1 pair of boots
Stlth    +.........             j - amulet of regeneration (curse)
HPRegen  0.63/turn              p - ring of protection from fire
MPRegen  0.12/turn              (no ring)

@: repel missiles
A: permanent stasis, dig shafts and tunnels, four strong arms, antennae 3
a: Dig, Shaft Self, Evoke Invisibility


You were on level 5 of the Dungeon.
You were not hungry.

You visited 1 branch of the dungeon, and saw 7 of its levels.

You collected 439 gold pieces.
You spent 363 gold pieces at shops.

Inventory:

Hand Weapons
 a - a +1 whip of electrocution (weapon)
 b - a +0 blowgun
 c - a +0 arbalest
 i - a +0 spear
 k - a +0 short sword
 t - a +1 scythe of flaming
 F - a +1 trident of piercing
 P - a +1 antimagic glaive
Missiles
 h - 1279 stones (quivered)
 D - 247 tomahawks
 E - 94 javelins
 G - 290 poisoned needles
 K - 68 bolts
Armour
 d - +0 steam dragon scales
 f - the +7 Kryia's mail coat (worn) {PotionHeal*2 rC+ RMsl}

   It protects you from cold.
   It protects you from missiles.
 l - the +1 pair of gloves "Zadyat" (worn) {rElec Int+4}
   (You found it on level 4 of the Dungeon)

   It affects your intelligence (+4).
   It insulates you from electricity.
 s - a +1 pair of boots (worn)
 w - a +1 cloak of invisibility (worn)
Magical Staves
 M - an uncursed staff of energy
Jewellery
 j - a cursed amulet of regeneration (around neck)
 p - a ring of protection from fire (left hand)
Wands
 q - a wand of polymorph (4)
 B - a wand of acid (5)
Scrolls
 n - 6 scrolls of teleportation {@r3 !r}
 u - 3 scrolls of amnesia
 y - 2 scrolls of fear {unknown}
 C - a scroll of enchant armour {unknown}
 I - 3 scrolls of remove curse {@r2}
 L - 2 scrolls of noise
 N - a scroll of vulnerability {unknown}
 Q - a scroll of fog {!r}
Potions
 g - a potion of flight
 m - 3 potions of curing
 o - a potion of agility {@q5 !q}
 r - 2 potions of cancellation
 x - 2 potions of might
 z - a potion of invisibility
 A - 2 potions of mutation
 H - a potion of haste {@q4 !q}
 J - a potion of ambrosia
Comestibles
 e - 10 rations {!d}
 O - 3 chunks of flesh


   Skills:
 + Level 9.1 Fighting
 + Level 6.3 Maces & Flails
 - Level 3.3 Polearms
 - Level 10.2 Armour
 - Level 2.6 Dodging
 - Level 4.0 Stealth


You had 9 spell levels left.
You didn't know any spells.
Your spell library was empty.

Dungeon Overview and Level Annotations

Branches:
Dungeon (7/12)             Temple (0/1) D:6
   Lair: D:7-10

Altars:
Cheibriados
Nemelex Xobeh
Trog
Uskayaw
Yredelemnul
Zin
The Shining One

Shops:
D:6 ?(

Annotations:
D:3 1 runed door, exclusion: door
D:5 , 1 runed door, exclusion: door


Innate Abilities, Weirdness & Mutations

You cannot be hasted, slowed, berserked, paralysed or teleported.
You can dig through walls and to a lower floor.
Your four strong arms can wield two-handed weapons with a shield.
You have a pair of large antennae on your head. (SInv)


Message History

You hit the bullfrog skeleton but do no damage.
The bullfrog skeleton is almost destroyed.
The bullfrog skeleton hits you but does no damage.
You hit the bullfrog skeleton.
The bullfrog skeleton is almost destroyed.
The bullfrog skeleton barely misses you.
You hit the bullfrog skeleton.
You destroy the bullfrog skeleton!
You closely miss the shadow imp.
The shadow imp hits you but does no damage.
You closely miss the shadow imp.
The shadow imp hits you but does no damage.
You closely miss the shadow imp. The shadow imp hits you.
You whack the shadow imp!
The shadow imp is almost dead.
You closely miss the shadow imp.
The shadow imp is almost dead.
The shadow imp hits you but does no damage.
You hit the shadow imp.
You kill the shadow imp!
Trog sends monsters to punish you. 3 polar bears, a black bear and a two-headed ogre come into view.
The black bear barely misses you.
The black bear claws you but does no damage. x2
The polar bear bites you.
The polar bear claws you but does no damage.
The polar bear barely misses you.
You hear an angry growl.
The two-headed ogre rages.
The polar bear bites you. The polar bear misses you.
The polar bear barely misses you.
The black bear rages.
The polar bear rages.
The black bear rages.
The polar bear rages.
The polar bear bites you but does no damage.
The polar bear claws you but does no damage.
The polar bear closely misses you.
The two-headed ogre hits you but does no damage. x2
The polar bear rages.
The black bear rages.
The polar bear bites you but does no damage.
The polar bear claws you.
The polar bear claws you but does no damage.
The two-headed ogre hits you with a +0 dire flail.
The two-headed ogre barely misses you.
The polar bear bites you but does no damage.
The polar bear claws you but does no damage.
The polar bear barely misses you.
You hear an angry growl.
The polar bear closely misses you. The polar bear claws you.
The polar bear barely misses you.
The polar bear rages.
You hear an angry growl.
The polar bear bites you! The polar bear barely misses you.
The polar bear closely misses you.
The polar bear rages. x3
The black bear rages.
The polar bear bites you. The polar bear barely misses you. x2
The black bear rages.
The polar bear bites you!
The polar bear claws you but does no damage. x2
The two-headed ogre rages.
The black bear rages.
There is a transporter here.
You enter the transporter and appear at another place.
The polar bear bites you but does no damage.
The polar bear claws you.
The polar bear claws you but does no damage.
The polar bear bites you but does no damage.
The polar bear closely misses you.
The polar bear claws you but does no damage.
You hear an angry growl.
The polar bear bites you but does no damage.
The polar bear claws you but does no damage. x2
The polar bear barely misses you.
The polar bear claws you but does no damage. x2
The polar bear bites you. The polar bear closely misses you.
The polar bear claws you but does no damage.
The polar bear bites you!
The polar bear claws you but does no damage. x2
The polar bear bites you but does no damage.
The polar bear claws you. x2; The polar bear bites you!!
* * * LOW HITPOINT WARNING * * *
The polar bear claws you but does no damage.
The polar bear claws you.
* * * LOW HITPOINT WARNING * * *
The polar bear bites you but does no damage.
The polar bear claws you but does no damage.
The polar bear claws you.
* * * LOW HITPOINT WARNING * * *
You hear an angry growl.
The polar bear rages.
You hear two shouts!
The polar bear closely misses you.
The polar bear claws you but does no damage. x2
The polar bear rages.
The polar bear is no longer berserk.
You hear two shouts!
The polar bear bites you.
* * * LOW HITPOINT WARNING * * *
The polar bear claws you.
You die...

.# #.############## .#
#.# .############ #.#
............# #.#
###########.# #.#
..........#.# #.#
..........#.# #.#
O###.###..#.####.######
.#8#.#8#..#.#.hh@.....#
.h{.......#...#######.#
....©.....#©..# #.#
..........#..## #.#
.#8#.#8#..#.## #.#
.###.###..#.# #.#
..........#.# #.#
..........#.# ##.##
###########.########...#


You could see 2 polar bears.

Vanquished Creatures
  2 ugly things (D:6)
  A manticore (D:6)
  A steam dragon (D:5)
  A sky beast (D:6)
  An ice beast (D:5)
  An orc warrior (D:6)
  2 centaurs
  3 phantoms
  3 bullfrogs
  A crimson imp (D:5)
  2 bullfrog zombies (D:6)
  The ghost of VAD3MB3R the Digger, a weakling GrEE (D:5)
  A quasit (D:6)
  A hound (D:6)
  A gnoll shaman (D:6)
  3 orc priests
  2 bullfrog skeletons (D:5)
  3 jellies
  7 orc wizards
  2 worker ants
  A killer bee zombie (D:5)
  2 hound skeletons (D:5)
  5 gnolls (D:6)
  A worker ant zombie (D:5)
  6 adders
  4 shadow imps
  An adder zombie (D:5)
  An adder skeleton (D:5)
  A worm (D:4)
  3 dart slugs
  8 leopard geckos
  31 orcs
  A ball python (D:1)
  2 giant cockroaches (D:1)
  7 hobgoblins
  6 jackals (D:5)
  7 kobolds
  3 quokkas
  7 bats
  2 goblins
  2 rats (D:3)
140 creatures vanquished.

Vanquished Creatures (others)
  An orc warrior (D:4)
1 creature vanquished.

Grand Total: 141 creatures vanquished

Notes
Turn   | Place    | Note
-------+----------+-------------------------------------------
     0 | D:1      | MisterOstroum the Formicid Archaeologist began the quest
                  | for the Orb.
     0 | D:1      | Reached XP level 1. HP: 15/15 MP: 1/1
   107 | D:1      | Reached XP level 2. HP: 17/22 MP: 2/2
   335 | D:1      | Reached XP level 3. HP: 29/29 MP: 3/3
   842 | D:1      | You fall through a shaft!
   845 | D:2      | Reached skill level 1 in Armour
   972 | D:2      | Noticed Sigmund
   974 | D:2      | Noticed Sigmund
   974 | D:2      | Sigmund changed into Sigmund the bullfrog
   987 | D:2      | Killed Sigmund the bullfrog
   987 | D:2      | Reached skill level 3 in Armour
   987 | D:2      | Reached XP level 4. HP: 37/37 MP: 4/4
  1072 | D:2      | Reached XP level 5. HP: 42/42 MP: 5/5
  1367 | D:3      | Reached skill level 4 in Armour
  1415 | D:3      | Found a glowing golden altar of the Shining One.
  1478 | D:3      | Found a snail-covered altar of Cheibriados.
  1715 | D:3      | Found a runed door.
  1812 | D:3      | Reached skill level 1 in Polearms
  2088 | D:3      | Found a hide-covered altar of Uskayaw.
  2089 | D:3      | Found a glowing silver altar of Zin.
  2090 | D:3      | Reached skill level 5 in Armour
  2090 | D:3      | Reached XP level 6. HP: 49/49 MP: 6/6
  2743 | D:4      | Found a large runed door.
  2743 | D:4      | Found a large runed door.
  2746 | D:4      | Noticed a phantom
  2801 | D:4      | Killed a phantom
  2801 | D:4      | Reached skill level 6 in Armour
  2834 | D:4      | Found a large runed door.
  2834 | D:4      | Found a large runed door.
  2869 | D:4      | Found a sparkling altar of Nemelex Xobeh.
  2875 | D:4      | Reached XP level 7. HP: 55/55 MP: 7/7
  2896 | D:4      | Reached skill level 5 in Fighting
  2903 | D:4      | Got a blackened chain mail
  2926 | D:4      | Identified the +0 chain mail "Veicoh" {rN+} (You found it
                  | on level 4 of the Dungeon)
  2956 | D:4      | Noticed a cyclops
  2974 | D:4      | Reached skill level 7 in Armour
  2979 | D:4      | Got a pair of transparent gloves
  3052 | D:3      | Identified the +1 pair of gloves "Zadyat" {rElec Int+4}
                  | (You found it on level 4 of the Dungeon)
  3184 | D:5      | Entered Level 5 of the Dungeon
  3454 | D:5      | Noticed a steam dragon
  3468 | D:5      | Killed a steam dragon
  3468 | D:5      | Reached skill level 1 in Maces & Flails
  3477 | D:5      | Found a transporter.
  3525 | D:5      | Noticed VAD3MB3R's ghost (weakling GrEE)
  3552 | D:5      | Reached skill level 8 in Armour
  3552 | D:5      | Reached XP level 8. HP: 64/64 MP: 8/8
  3572 | D:5      | Found a transporter.
  3658 | D:5      | Found a runed door.
  3912 | D:6      | Noticed a green ugly thing
  4305 | D:5      | Found a bloodstained altar of Trog.
  4402 | D:5      | Became a worshipper of Trog the Wrathful
  4569 | D:6      | Found a basalt altar of Yredelemnul.
  4648 | D:6      | Reached skill level 9 in Armour
  4648 | D:6      | Reached XP level 9. HP: 47/71 MP: 9/9
  4650 | D:6      | Noticed a manticore
  4668 | D:6      | Killed a manticore
  4818 | D:6      | Found Jelygg's Antique Weapon Emporium.
  4822 | D:6      | Found a staircase to the Ecumenical Temple.
  4827 | D:6      | Bought a runed glaive for 237 gold pieces
  4848 | D:6      | Noticed a purple ugly thing
  4860 | D:6      | Killed a purple ugly thing
  4942 | D:6      | Reached skill level 5 in Maces & Flails
  4986 | D:6      | Killed a green ugly thing
  4986 | D:6      | Reached skill level 10 in Armour
  4986 | D:6      | Reached XP level 10. HP: 75/82 MP: 10/10
  5131 | D:6      | Reached * piety under Trog
  5178 | D:6      | Found Fonyduv's Magic Scroll Boutique.
  5191 | D:6      | Bought a scroll of identify for 28 gold pieces
  5191 | D:6      | Bought a scroll of fog for 28 gold pieces
  5191 | D:6      | Bought a scroll of noise for 14 gold pieces
  5191 | D:6      | Bought a scroll of identify for 28 gold pieces
  5191 | D:6      | Bought a scroll of identify for 28 gold pieces
  5378 | D:5      | Fell from the grace of Trog
  5394 | D:5      | Killed VAD3MB3R's ghost
  5417 | D:5      | Noticed a two-headed ogre
  5444 | D:5      | Slain by a polar bear

Skill      XL: |  1  2  3  4  5  6  7  8  9 10 |
---------------+-------------------------------+-----
Fighting       | 2 3 4 5 6 8 9 |  9.1
Armour         | 3 5 6 8 9 10 | 10.2
Polearms       | 1 2 3 |  3.3
Maces & Flails | 2 3 5 6 |  6.3
Dodging        | |  2.6
Stealth        | |  4.0

Action                   |  1- 3 |  4- 6 |  7- 9 | 10-12 || total
-------------------------+-------+-------+-------+-------++-------
Melee: Unarmed           |    42 |       |       |       ||    42
       Short sword       |    76 |       |       |       ||    76
       Spear             |    39 |    21 |     2 |       ||    62
       Scythe            |       |   150 |    24 |       ||   174
       Whip              |       |       |   343 |   121 ||   464
       Trident           |       |       |    16 |       ||    16
       Glaive            |       |       |    14 |       ||    14
Throw: Stone             |       |     1 |     1 |       ||     2
Invok: Renounce Religion |       |       |       |     1 ||     1
 Abil: Shaft Self        |     1 |       |       |       ||     1
       Dig               |       |     1 |     7 |       ||     8
       Evoke Invisibilit |       |       |     1 |       ||     1
Evoke: Wand              |     2 |       |       |       ||     2
  Use: Potion            |       |       |     2 |       ||     2
       Scroll            |       |       |       |    11 ||    11
 Stab: Sleeping          |     3 |     4 |     1 |       ||     8
  Eat: Chunk             |       |     8 |     8 |     2 ||    18
Armor: Robe              |    38 |       |       |       ||    38
       Ring mail         |    52 |    90 |    15 |       ||   157
       Scale mail        |       |       |   227 |    96 ||   323
       Chain mail        |       |       |    18 |       ||    18
Dodge: Dodged            |   137 |    97 |   234 |    65 ||   533
       Deflected         |       |       |     5 |     3 ||     8
